 Dungeon Crawl Stone Soup version 0.31-a0-836-g3ceb0a68c4 (webtiles) character file.

Game seed: 11641694761111479412

161 IdlyInterested the Cutter (level 5, -5/29 (40) HPs)
             Began as a Demonspawn Reaver on Sept 26, 2023.
             Killed from afar by a white imp (9 damage)
             ... with a puff of frost
             ... on level 4 of the Dungeon.
             The game lasted 00:13:30 (4247 turns).

IdlyInterested the Cutter (Demonspawn Reaver)       Turns: 4247, Time: 00:13:31

HP:   -5/29 (40)    AC:  7    Str: 12    XL:     5   Next: 19%
MP:   8/8           EV: 10    Int: 15    God:
Gold: 242           SH:  0    Dex: 13    Spells: 5/8 levels left

rFire   + . .        r - +2 spear (flame)
rCold   . . .        (no shield)
rNeg    . . .        p - +0 ring mail
rPois   .            (no helmet)
rElec   .            (no cloak)
rCorr   .            q - +0 pair of gloves
SInv    .            s - +0 pair of boots
Will    .....        (no amulet)
Stlth   +            g - ring of wizardry
HPRegen 0.24/turn    f - ring of protection from fire
MPRegen 0.11/turn

%: wizardry (x1)
@: very heavily drained
A: powered by pain 2
a: no special abilities


You were on level 4 of the Dungeon.
You visited 1 branch of the dungeon, and saw 4 of its levels.

You collected 242 gold pieces.

Inventory:

Hand Weapons
 a - a +0 short sword
 r - a +2 spear of flaming (weapon)
Missiles
 v - 5 poisoned darts
Armour
 b - a +0 leather armour
 n - a +0 chain mail
 p - a +0 ring mail (worn)
 q - a +0 pair of gloves (worn)
 s - a +0 pair of boots (worn)
 u - a +0 scale mail
Jewellery
 f - a ring of protection from fire (right hand)
 g - a ring of wizardry (left hand)
 m - a ring of poison resistance
Scrolls
 d - a scroll of fear
 e - 2 scrolls of amnesia
 j - a scroll of immolation
 k - 3 scrolls of teleportation
 l - 2 scrolls of identify
Potions
 c - a potion of degeneration {unknown}
 h - 2 potions of curing {unknown}
 i - a potion of lignification {unknown}
 o - a potion of invisibility {unknown}
 t - a potion of mutation {unknown}


   Skills:
 + Level 2.9 Fighting
 * Level 4.1 Short Blades
 - Level 1.1 Throwing
 * Level 0.2 Armour
 - Level 2.0 Dodging
 - Level 1.0 Stealth
 - Level 2.0 Spellcasting
 - Level 3.0 Conjurations
 - Level 1.0 Necromancy
 - Level 1.0 Translocations


You had 5 spell levels left.
You knew the following spells:

 Your Spells              Type           Power      Damage    Failure   Level
a - Kiss of Death         Conj/Necr      28%        2d7       9%          1
b - Momentum Strike       Conj/Tloc      14%        3d8       13%         2

Your spell library contained the following spells:

 Spells                   Type           Power      Damage    Failure   Level
 Hailstorm                Conj/Ice       6%         3d4       32%         3


Dungeon Overview and Level Annotations

Branches:
Dungeon (4/15)
 Temple: D:4-7

Altars:
Xom

Shops:
D:2 [


Innate Abilities, Weirdness & Mutations

You sometimes gain power by taking damage.


Message History

The adder barely misses you. The hound bites you but does no damage.
The adder bites you but does no damage.
You barely miss the hound.
The hound is heavily wounded.
The hound bites you but does no damage.
A white imp comes into view.
The adder bites you but does no damage. The hound closely misses you.
The white imp shouts, "Turn tail, thou craven flap-mouthed puttock!"
You hit the hound. You burn the hound.
The hound is almost dead.
The adder closely misses you. The white imp gestures at you.
The puff of frost hits you! The hound closely misses you.
The adder bites you but does no damage. The hound bites you.
You miss the hound.
The hound is almost dead.
The hound barely misses you. The adder bites you.
You are poisoned.
The adder poisons you!
You closely miss the hound.
The hound is almost dead.
You feel sick. The hound bites you.
* * * LOW HITPOINT WARNING * * *
The adder barely misses you. The hound barely misses you.
The adder bites you but does no damage.
Unknown command.
You closely miss the hound.
The hound is almost dead.
You feel sick. The hound barely misses you. The adder barely misses you.
The hound barely misses you.
You hit the hound. You burn the hound.
You kill the hound!
You feel sick.
You are no longer poisoned.
The adder bites you.
* * * LOW HITPOINT WARNING * * *
A quokka comes into view.
The white imp gestures at you. The puff of frost hits you!
You die...

..# ... .## #.#
...#. # #.#
....#.
##r####.##.....#.
.................
##.....†.......##
......5@S<.......
#####.....#...#
#.......<....#
#.##.#...#..## #
#.##.....#
....>........
.###..#.###### ..
.....# .. ##..#.#


You could see an adder, a white imp and a quokka (wandering).

Vanquished Creatures
  A hound (D:4)
  4 gnolls (D:3)
  4 adders
  3 dart slugs
  An orc (D:3)
  7 endoplasms
  3 giant cockroaches (D:3)
  9 goblins
  7 hobgoblins
  6 jackals
  7 kobolds
  3 quokkas
  6 ball pythons
  4 bats
  5 frilled lizards
  9 rats
79 creatures vanquished.

Notes
Turn   | Place    | Note
-------+----------+-------------------------------------------
     0 | D:1      | IdlyInterested the Demonspawn Reaver began the quest for
                  | the Orb.
     0 | D:1      | Reached XP level 1. HP: 16/16 MP: 3/3
   112 | D:1      | Reached skill level 3 in Short Blades
   291 | D:1      | Gained mutation: You sometimes gain a little power by
                  | taking damage. [demonic ancestry]
   291 | D:1      | Reached XP level 2. HP: 9/22 MP: 5/5
   581 | D:1      | Learned a level 2 spell: Momentum Strike
  1508 | D:2      | Reached skill level 1 in Throwing
  1508 | D:2      | Gained mutation: You sometimes gain power by taking damage.
                  | [demonic ancestry]
  1508 | D:2      | Reached XP level 3. HP: 27/27 MP: 3/6
  2283 | D:2      | Reached skill level 1 in Translocations
  2283 | D:2      | Reached XP level 4. HP: 34/34 MP: 3/7
  2734 | D:2      | Found Nena's Armour Shop.
  3160 | D:3      | Reached skill level 1 in Necromancy
  3243 | D:3      | Reached skill level 4 in Short Blades
  3353 | D:3      | Reached skill level 1 in Stealth
  3353 | D:3      | Reached XP level 5. HP: 26/27 MP: 8/8
  3451 | D:3      | Found a shimmering altar of Xom.
  4247 | D:4      | Killed from afar by a white imp

Illustrated notes

Levels and vault maps discovered:
D:1:      minmay_arrival_four_houses, layout_basic
D:2:      layout_basic, serial_shops, nicolae_square_shop,
          kennysheep_generic_room_11
D:3:      layout_basic, gammafunk_temple_overflow_statue, minmay_quantized
D:4:      layout_loops_ring, minmay_temple_entry_mist, serial_glass,
          glass_columns_a, glass_columns_a, glass_columns_b, glass_columns_a,
          glass_columns_a, glass_columns_c, glass_columns_a, glass_columns_a,
          serial_park_tiny_pond, nicolae_twisty_statue_hallways, uniq_natasha

Skill      XL: |  1  2  3  4 |
---------------+-------------+-----
Short Blades   | 3 4 |  4.1
Dodging        | 2 |  2.0
Throwing       | 1 |  1.1
Translocations | 1 |  1.0
Necromancy     | 1 |  1.0
Stealth        | 1 |  1.0
Fighting       | |  2.9
Armour         | |  0.2
Spellcasting   | |  2.0
Conjurations   | |  3.0

Action                     |  1- 3 |  4- 6 || total
---------------------------+-------+-------++-------
  Melee: Short sword       |   209 |    55 ||   264
         Punch             |     2 |     1 ||     3
         Spear             |       |    72 ||    72
  Throw: Stone             |     9 |       ||     9
   Cast: Momentum Strike   |    14 |     5 ||    19
         Kiss of Death     |       |     3 ||     3
    Use: Scroll            |       |     4 ||     4
   Stab: Sleeping          |     2 |     1 ||     3
 Armour: Leather armour    |   104 |    34 ||   138
         Ring mail         |       |    50 ||    50
  Dodge: Dodged            |    74 |    75 ||   149

Table legend: (Time is in decaauts)
 A = Elapsed time spent in this place.
 B = Non-inter-level travel time spent in this place.
 C = Inter-level travel time spent in this place.
 D = Time resting spent in this place.
 E = Time spent auto-exploring this place.
 F = Levels seen in this place.
 G = Mean time per level.
                   A        B        C        D        E       F      G
               +--------+--------+--------+--------+--------+-----+--------+
         Total |   4209 |   3778 |    431 |    819 |   2064 |   4 | 1052.2 |
       Dungeon |   4209 |   3778 |    431 |    819 |   2064 |   4 | 1052.2 |
               +--------+--------+--------+--------+--------+-----+--------+

Top non-repeatable levels by time:
     D:2: 1528 daAuts
     D:1: 1471 daAuts
     D:3: 1179 daAuts
     D:4: 30 daAuts
